 Dungeon Crawl Stone Soup version 0.17-a0-413-g671d411 (webtiles) character file.

174 DHWilson the Scratcher (level 5, -6/24 HPs)
             Began as a Felid Chaos Knight on Apr 2, 2015.
             Killed by nerve-wracking pain
             ... invoked by an orc priest
              (8 damage)
             ... on level 5 of the Dungeon.
             The game lasted 00:09:23 (3371 turns).

DHWilson the Scratcher (Felid Chaos Knight)         Turns: 3371, Time: 00:09:23

Health: -6/24      AC:  1    Str:  8    XL:     5   Next: 28%
Magic:  6/6        EV: 18    Int: 13    God:    Xom [.....*]
Gold:   108        SH:  0    Dex: 17    Spells: 2 memorised, 0 levels left
                                        Lives:  0   Deaths: 1

rFire  . . .     SeeInvis +       - Unarmed
rCold  + . .     Clarity  .     (armour unavailable)
rNeg   . . .     SustAb   .     (shield unavailable)
rPois  +         Gourm    .     (helmet unavailable)
rElec  .         Spirit   .     (cloak unavailable)
rCorr  +         Warding  .     (gloves unavailable)
rMut   .         Stasis   .     (boots unavailable)
MR     .....                    t - amulet of resist corrosion
Stlth  ++........               o - ring of protection from cold
                                m - ring of poison resistance

@: quick, not resistant to hostile enchantments, unstealthy
A: no armour, no weapons or thrown items, claws 1, fangs 3, see invisible,
carnivore 3, speed 1, shaggy fur 1, slow metabolism 1, sharp paws
a: Renounce Religion


You were on level 5 of the Dungeon.
You worshipped Xom.
You were Xom's teddy bear.
You were not hungry.

You visited 1 branch of the dungeon, and saw 5 of its levels.

You collected 108 gold pieces.


Innate Abilities, Weirdness & Mutations

You cannot wear armour.
You are incapable of wielding weapons or throwing items.
You have sharp fingernails.
You have razor-sharp teeth.
You have supernaturally acute eyesight.
You are carnivorous and can eat meat at any time.
You cover ground quickly.
You are covered in fur (AC +1).
You have a slow metabolism.
Your paws have sharp claws that are effective at stabbing.


   Skills:
 - Level 3.0 Fighting
 - Level 3.2 Dodging
 - Level 6.8 Unarmed Combat
 + Level 1.5 Translocations


You couldn't memorise any spells.
You knew the following spells:

 Your Spells              Type           Power        Failure   Level  Hunger
b - Blink                 Tloc           N/A          24%         2    ###....
d - Repel Missiles        Chrm/Air       #.....       47%         2    ###....


Dungeon Overview and Level Annotations

Branches:
Dungeon (6/15)
 Temple: D:4-7

Altars:
Ru
The Shining One

Annotations:
D:2 exclusion: 2 adders
D:4 Pikel
D:5 exclusion: ice beast

Inventory:

Missiles
 b - a stone
Jewellery
 f - a +4 ring of intelligence
 m - a ring of poison resistance (left paw)
 o - a ring of protection from cold (right paw)
 t - an amulet of resist corrosion (around neck)
Magical devices
 r - a wand of slowing (48)
Scrolls
 a - a scroll of fog {unknown}
 g - a scroll of fear {unknown}
 i - a scroll of enchant armour {unknown}
 j - a scroll of amnesia {unknown}
 l - a scroll of recharging
 p - 2 scrolls of remove curse {@r2}
 q - a scroll of identify {unknown}
 u - a scroll of silence {unknown}
 v - a scroll of teleportation {unknown}
Potions
 d - a potion of lignification {unknown}
 e - a potion of ambrosia {unknown}
 h - a potion of resistance {unknown}
 n - a potion of magic {unknown}
 x - a potion of mutation {unknown}
 z - a potion of restore abilities {unknown}
Books
 k - a book of Minor Magic
 s - a book of Battle
 w - a book of Flames
Comestibles
 c - 3 meat rations

##.# #.# . #.## #.##
#######..###...
#.........##o.#
#.........##..#
#......ยง..##..#
#########.o#..#
##@#..# .. #o...#
#%..
#######...######....
#.......>....o......
#.#######........#
#.# #........# #.#
#........# #.#
#........# #.#
#........#


You could see an orc priest (bleeding) and an orc wizard (bleeding).


Message History

The worker ant zombie barely misses you.
You scratch the worker ant zombie.
You bite the worker ant zombie, but do no damage.
The worker ant zombie closely misses you.
You scratch the worker ant zombie. The worker ant zombie misses you.
You scratch the worker ant zombie.
The worker ant zombie barely misses you.
You barely miss the worker ant zombie. You bite the worker ant zombie.
The worker ant zombie barely misses you.
You claw the worker ant zombie!
You destroy the worker ant zombie!
Your Translocations skill increases to level 1!
No target in view!
An ice beast comes into view.
Found 11 gold pieces.
An ice beast is nearby!
Here: an ice beast (resting)
The floor.
Found a white potion.
A rat comes into view.
A rat is nearby!
You pounce on the unaware helpless rat!
You mangle the rat!!
You kill the rat!
No target in view!
x - a white potion
Found a mace.
Found a murky puce potion.
z - a murky puce potion An adder comes into view.
You pounce on the unaware helpless adder!
You claw the adder!
You kill the adder!
No target in view!
An orc wizard comes into view. It is wielding a dagger.
The orc wizard shouts!
You start waiting.
An orc priest comes into view. It is wielding a club.
You closely miss the orc wizard. Your bite misses the orc wizard.
The orc wizard mumbles some strange words.
The orc wizard seems to speed up.
You hear a shout!
You barely miss the orc wizard. You bite the orc wizard.
The orc wizard barely misses you.
You claw the orc wizard!
The orc wizard begins to bleed from its wounds!
The orc wizard barely misses you. x2
You scratch the orc wizard. You closely miss the orc wizard.
You bite the orc wizard.
The orc wizard casts a spell.
The orc wizard blinks!
The orc priest calls down the wrath of Beogh upon you.
Something smites you! The orc priest hits you with a club!
* * * LOW HITPOINT WARNING * * *
You scratch the orc priest.
The orc priest begins to bleed from its wounds!
The orc wizard mumbles some strange words.
The orc wizard blinks!
The orc priest looks braver.
You scratch the orc priest but do no damage.
Your bite misses the orc priest. The orc wizard casts a spell at you.
The magic dart hits you!
* * * LOW HITPOINT WARNING * * *
The orc priest misses you.
You barely miss the orc priest. The orc wizard misses you.
You claw the orc priest!
The orc priest calls down the wrath of Beogh upon you.
Pain shoots through your body!
You die...

Action                   |  1- 3 |  4- 6 || total
-------------------------+-------+-------++-------
Melee: Unarmed           |    54 |   122 ||   176
 Cast: Blink             |       |     1 ||     1
Evoke: Wand              |       |     1 ||     1
  Use: Scroll            |       |     2 ||     2
 Stab: Sleeping          |     4 |     2 ||     6
       Distracted        |       |     1 ||     1
  Eat: Chunk             |     8 |     3 ||    11

Vault maps used:
D:1:      evilmike_arrival_come_back
D:2:      okawaru_ov_weapons_minmay, minivault_14, hangedman_decor_opposing
D:4:      nicolae_overflow_hidden_temple, minmay_misc_feat_nine_boxes,
          uniq_pikel
D:5:      minmay_temple_entry_trees, first_bread
D:6:      gammafunk_temple_overflow_wave, corexii_hall_statues_u,
          nrook_mini_vaults, abandoned_shop, serial_bayou_lake_a

Notes
Turn   | Place    | Note
--------------------------------------------------------------
     0 | D:1      | Sixotanaka: lol
     0 | D:1      | Sixotanaka: look at your piety
     0 | D:1      | DHWilson: if i win this game
     0 | D:1      | Sixotanaka: ...*..
     0 | D:1      | DHWilson: likee
     0 | D:1      | Sixotanaka: didn't even know
     0 | D:1      | DHWilson: i'd be pretty pissed
     0 | D:1      | Sixotanaka: rofl
     0 | D:1      | DHWilson: but anywayw
     0 | D:1      | DHWilson, the Felid Chaos Knight, began the quest for the Orb.
     0 | D:1      | Reached XP level 1. HP: 10/10 MP: 2/2
     1 | D:1      | DHWilson: binding s to autoexplore
     1 | D:1      | DHWilson: you can change stuff when you play
     1 | D:1      | DHWilson: and numpad 0 to pray
   137 | D:1      | Sixotanaka: we should go for
   142 | D:1      | Sixotanaka: all Fe wins
   159 | D:1      | XOM: harmless Divn miscast
   299 | D:1      | XOM: silly message
   300 | D:1      | DHWilson: my eyebrows WHAT
   300 | D:1      | DHWilson: oh I am cat
   312 | D:1      | Sixotanaka: rofl
   334 | D:1      | Reached XP level 2. HP: 14/14 MP: 3/3
   745 | D:2      | Sixotanaka: rocks man
   952 | D:2      | DHWilson: so clever
   962 | D:2      | Reached skill level 4 in Unarmed Combat
  1071 | D:2      | XOM: harmless Hex miscast
  1210 | D:2      | DHWilson: wtf
  1210 | D:2      | DHWilson: is this snake pit
  1239 | D:2      | Sixotanaka: d2 death pit of snakes
  1249 | D:2      | You fall through a shaft for 2 floors!
  1254 | D:4      | Reached XP level 3. HP: 17/17 MP: 4/4
  1258 | D:4      | Learned a level 2 spell: Blink
  1360 | D:4      | Reached XP level 4. HP: 13/21 MP: 5/5
  1492 | D:4      | Reached skill level 5 in Unarmed Combat
  1719 | D:4      | HP: 5/21 [hound (3)]
  1743 | D:4      | HP: 3/21 [quokka (3)]
  1744 | D:4      | HP: 1/21 [quokka (2)]
  1784 | D:4      | XOM: divination: detect creatures
  1808 | D:4      | XOM: harmless Air miscast
  2058 | D:4      | Noticed Pikel
  2058 | D:4      | Noticed a slave
  2079 | D:4      | Sixotanaka: what a pickle!
  2206 | D:4      | Reached XP level 5. HP: 21/24 MP: 6/6
  2232 | D:4      | Found a glowing golden altar of the Shining One.
  2234 | D:4      | Found a sacrificial altar of Ru.
  2444 | D:4      | Noticed a slave
  2484 | D:5      | XOM: stealth player
  2484 | D:5      | Entered Level 5 of the Dungeon
  2608 | D:6      | HP: 5/24 [adder (2)]
  2614 | D:6      | HP: 4/24 [poisoned by an adder]
  2622 | D:6      | HP: 2/24 [poisoned by an adder]
  2690 | D:6      | XOM: divination: magic mapping
  2937 | D:6      | Reached skill level 6 in Unarmed Combat
  2964 | D:6      | XOM: divination: magic mapping
  2991 | D:6      | XOM: cast spell 'Summon Butterflies'
  3103 | D:6      | XOM: summons friendly ufetubus
  3107 | D:6      | XOM: potion effect (might)
  3134 | D:6      | XOM: fog
  3150 | D:6      | Killed from afar by an electric eel
  3151 | D:6      | Reached XP level 4. HP: 0/21 MP: 5/5
  3172 | D:6      | Noticed a centaur
  3203 | D:6      | Reached XP level 5. HP: 22/24 MP: 6/6
  3235 | D:5      | Learned a level 2 spell: Repel Missiles
  3251 | D:5      | Reached skill level 1 in Translocations
  3252 | D:5      | Noticed an ice beast
  3367 | D:5      | HP: 6/24 [orc priest/club (8)]
  3369 | D:5      | HP: 2/24 [orc wizard/magic dart (4)]
  3371 | D:5      | Killed from afar by an orc priest

Vanquished Creatures
  2 crimson imps (D:6)
  A centaur zombie (D:6)
  A hound (D:4)
  A giant frog skeleton (D:4)
  A worker ant (D:4)
  2 worker ant zombies
  5 adders
  An orc (D:4)
  4 ball pythons
  5 bats
  A bat skeleton (D:5)
  2 giant cockroaches (D:4)
  8 jackals
  5 kobolds
  2 oozes
  2 quokkas (D:4)
  3 giant newts
  7 goblins
  A jackal zombie (D:6)
  4 rats
58 creatures vanquished.

Vanquished Creatures (others)
  An ufetubus (D:6)
  A hobgoblin (D:6)
2 creatures vanquished.

Grand Total: 60 creatures vanquished
